 Dungeon Crawl Stone Soup version 0.27.0-1-g7a089689b8 (webtiles) character file.

Game seed: 11917107060245806966

279 Spectrina the Covert (level 6, -6/36 HPs)
             Began as a Deep Elf Monk on Aug 1, 2021.
             Mangled by a water moccasin (7 damage)
             ... on level 7 of the Dungeon.
             The game lasted 00:07:24 (1011 turns).

Spectrina the Covert (Deep Elf Monk)                Turns: 1011, Time: 00:07:25

Health: -6/36      AC:  5    Str:  8    XL:     6   Next: 5%
Magic:  8/8        EV: 13    Int: 17    God:
Gold:   198        SH:  0    Dex: 17    Spells: 5/5 levels left

rFire    + . .     SeeInvis .   a - +0 rapier
rCold    + . .     Faith    .   (no shield)
rNeg     . . .     Spirit   .   f - +0 robe
rPois    +         Reflect  .   (no helmet)
rElec    +         Harm     .   s - +0 cloak
rCorr    +         Rampage  .   (no gloves)
Will     .....                  n - +1 pair of boots
Stlth    ++++......             (no amulet)
HPRegen  0.12/turn              (no ring)
MPRegen  0.11/turn              (no ring)

@: lethally poisoned (-6 -> -11), resistant, flying
A: no striking features
a: no special abilities


You were on level 7 of the Dungeon.
You visited 1 branch of the dungeon, and saw 7 of its levels.

You collected 198 gold pieces.

Inventory:

Hand Weapons
 a - a +0 rapier (weapon)
 b - a +0 dagger
 c - a +0 trident
 l - a +0 short sword
 r - a +0 quarterstaff
Missiles
 e - 64 arrows
 g - 57 stones (quivered)
 k - 14 bolts
Armour
 f - a +0 robe (worn)
 n - a +1 pair of boots (worn)
 s - a +0 cloak (worn)
Magical Staves
 m - a staff of fire
Jewellery
 o - a ring of positive energy
Potions
 h - a potion of attraction


   Skills:
 - Level 2.4 Fighting
 - Level 3.0 Short Blades
 - Level 3.6 Dodging
 + Level 8.4 Stealth


You had 5 spell levels left.
You didn't know any spells.
Your spell library was empty.

Dungeon Overview and Level Annotations

Branches:
Dungeon (7/15)
 Temple: D:4-7

Altars:
Cheibriados
Uskayaw
Zin


Message History

The water moccasin closely misses you.
You closely miss the water moccasin.
The water moccasin is almost dead.
You feel sick. The water moccasin bites you!
* * * LOW HITPOINT WARNING * * *
You feel better.
The water moccasin bites you but does no damage.
The water moccasin closely misses you.
Unknown command.
You hit the water moccasin.
The water moccasin is almost dead.
The water moccasin completely misses you.
You hit the water moccasin but do no damage.
The water moccasin is almost dead.
The water moccasin bites you.
* * * LOW HITPOINT WARNING * * *
You are lethally poisoned!
The water moccasin poisons you!
Unknown command.
You closely miss the water moccasin.
The water moccasin is almost dead.
* * * LOW HITPOINT WARNING * * *
You feel very sick. The water moccasin barely misses you.
The water moccasin misses you.
You barely miss the water moccasin.
The water moccasin is almost dead.
* * * LOW HITPOINT WARNING * * *
You feel very sick.
The water moccasin bites you but does no damage.
You closely miss the water moccasin.
The water moccasin is almost dead.
* * * LOW HITPOINT WARNING * * *
You feel sick.
The water moccasin bites you but does no damage.
The water moccasin closely misses you.
You barely miss the water moccasin.
The water moccasin is almost dead.
* * * LOW HITPOINT WARNING * * *
You feel sick. The water moccasin bites you!
You die...

####...........$.
......###.######.#
####...##.# #.# #
#.....#.# #.#
##...##.# #.#
#......#### #.#
##........###.#
#...PPPPP...#S#######
#.PPP...PPP..@......#
##.P......PPPPPP..._..
#.....PPP...PPPPPP...P
#....PPPPPP...


PPPP #....PPP.. PPP.. . +........_.. PP #..........# ##...[....## ##..<..### You
could see a water moccasin.

Vanquished Creatures
  A sky beast (D:7)
  A centaur (D:5)
  A hound (D:5)
  A centaur skeleton (D:7)
  A hound skeleton (D:5)
  2 adders (D:5)
  An adder skeleton (D:4)
  2 orcs (D:6)
  An endoplasm (D:2)
  A goblin (D:2)
  2 kobolds
  3 bats
  A frilled lizard (D:3)
  2 rats
20 creatures vanquished.

Vanquished Creatures (others)
  27 plants (D:5)
27 creatures vanquished.

Grand Total: 47 creatures vanquished

Notes
Turn   | Place    | Note
-------+----------+-------------------------------------------
     0 | D:1      | Spectrina the Deep Elf Monk began the quest for the Orb.
     0 | D:1      | Reached XP level 1. HP: 13/13 MP: 3/3
     3 | D:1      | Noticed an electric eel
     3 | D:1      | Noticed an electric eel
   182 | D:2      | Reached skill level 3 in Stealth
   240 | D:3      | Reached XP level 2. HP: 11/18 MP: 4/4
   301 | D:4      | Found a glowing silver altar of Zin.
   423 | D:5      | Entered Level 5 of the Dungeon
   423 | D:5      | Noticed a centaur
   426 | D:5      | Reached skill level 4 in Stealth
   433 | D:5      | Killed a centaur
   434 | D:5      | Reached skill level 6 in Stealth
   434 | D:5      | Reached XP level 3. HP: 17/22 MP: 5/5
   434 | D:5      | Reached XP level 4. HP: 21/27 MP: 6/6
   466 | D:5      | Reached XP level 5. HP: 9/31 MP: 7/7
   469 | D:5      | Reached skill level 7 in Stealth
   475 | D:4      | Noticed a phantom
   790 | D:7      | Found a hide-covered altar of Uskayaw.
   828 | D:7      | Noticed a sky beast
   916 | D:7      | Killed a sky beast
   917 | D:7      | Reached skill level 8 in Stealth
   917 | D:7      | Reached XP level 6. HP: 36/36 MP: 8/8
   965 | D:7      | Noticed a water moccasin
   984 | D:7      | Found a snail-covered altar of Cheibriados.
  1011 | D:7      | HP: 1/36 [poisoned by a water moccasin]
  1011 | D:7      | Mangled by a water moccasin

Illustrated notes

Levels and vault maps discovered:
D:1:      arrival_aquarium_b, layout_rooms, serial_co_window_serial,
          co_window_paths_b, co_window_paths_b, co_window_paths_b,
          co_window_corner_a, co_window_corner_a, co_window_of_opportunity_b,
          co_window_of_opportunity_b, co_window_broadway_a,
          co_window_unsneaky_path_c, co_window_paths_e, glass_columns_a,
          glass_columns_b, glass_columns_b, glass_columns_b, glass_columns_a
D:2:      layout_loops_ring, chequers_ecumenical_altar_simple_redux
D:3:      layout_loops_ring, serial_shops, nicolae_square_shop, uniq_robin
D:4:      layout_basic, zin_statuary, lemuel_coloured_pillars_altar,
          uniq_sigmund
D:5:      kennysheep_kobold_camp, layout_basic,
          mainiacjoe_overflow_tiny_flanked, nicolae_ru_sacrificial_ziggurat,
          minmay_temple_entry_ruins, guppyfry_early_lair_pool
D:6:      layout_basic, tgw_kikubaaqudgha, serial_shops, shop,
          nicolae_shop_stone, hangedman_decor_diamond_cutter
D:7:      layout_loops_corners, mainiacjoe_overflow_catch_the_wave,
          uniq_crazy_yiuf_cottage

Skill      XL: |  1  2  3  4  5 |
---------------+----------------+-----
Stealth        | 3 6 8 |  8.4
Fighting       | |  2.4
Short Blades   | |  3.0
Dodging        | |  3.6

Action                   |  1- 3 |  4- 6 || total
-------------------------+-------+-------++-------
Melee: Dagger            |    16 |     2 ||    18
       Short sword       |    24 |       ||    24
       Trident           |     5 |       ||     5
       Rapier            |     3 |    70 ||    73
  Use: Potion            |       |     9 ||     9
       Scroll            |       |     1 ||     1
 Stab: Sleeping          |     6 |     3 ||     9
Armor: Robe              |    16 |    10 ||    26
Dodge: Dodged            |    46 |    35 ||    81
